 Dungeon Crawl Stone Soup version 0.28.0-43-g3370ac3207 (webtiles) character file.

Game seed: 18049655548131271900

1360 Cykl0x the Digger (level 8, 0/42 HPs)
             Began as a Gargoyle Earth Elementalist on Mar 7, 2022.
             Slain by a kobold brigand
             ... wielding a +0 whip
              (7 damage)
             ... on level 6 of the Dungeon.
             The game lasted 00:10:09 (8005 turns).

Cykl0x the Digger (Gargoyle Earth Elementalist)     Turns: 8005, Time: 00:10:10

Health: 0/42       AC: 15    Str: 11    XL:     8   Next: 64%
Magic:  0/15       EV: 10    Int: 19    God:
Gold:   1560       SH:  3    Dex: 10    Spells: 13/17 levels left

rFire   . . .      SeeInvis .   t - +0 long sword
rCold   . . .      Faith    .   r - +0 buckler
rNeg    + . .      Spirit   .   l - +4 ring mail
rPois   ∞          Reflect  .   (no helmet)
rElec   +          Harm     .   (no cloak)
rCorr   .          Rampage  .   (no gloves)
Will    .....                   (no boots)
Stlth   +.........              (no amulet)
HPRegen 0.14/turn               (no ring)
MPRegen 0.14/turn               (no ring)

@: no status effects
A: sickness immunity, AC +5, negative energy resistance 1, electricity
resistance, torment resistance 1, petrification resistance
a: no special abilities


You were on level 6 of the Dungeon.
You visited 1 branch of the dungeon, and saw 6 of its levels.

You collected 1560 gold pieces.

Inventory:

Hand Weapons
 g - a +0 vorpal short sword
 j - a +0 falchion
 s - the +6 dagger "Xeupomeh" {drain, *Noise rC- rCorr Int+9}
   (You found it on level 5 of the Dungeon)

   A truly terrible weapon, it drains the life of any living foe it strikes.
   Int:       It affects your intelligence (+9).
   rC:        It makes you vulnerable to cold.
   *Noise:    It may make noises in combat.
   rCorr:     It protects you from acid and corrosion.
 t - a +0 long sword (weapon)
Missiles
 c - 107 stones
Armour
 b - a +0 robe
 k - a +0 scale mail
 l - a +4 ring mail (worn)
 r - a +0 buckler (worn)
Scrolls
 a - a scroll of fog
 n - 4 scrolls of magic mapping {unknown}
 o - a scroll of identify
 p - a scroll of noise {unknown}
Potions
 d - a potion of haste
 e - a potion of berserk rage {unknown}
 f - a potion of attraction {unknown}
 h - a potion of mutation {unknown}
 i - a potion of invisibility {unknown}
 m - a potion of degeneration {unknown}
 q - a potion of heal wounds {unknown}


   Skills:
 + Level 0.9 Fighting
 + Level 2.0 Long Blades
 + Level 2.0 Armour
 + Level 2.4 Dodging
 - Level 2.1 Stealth
 + Level 5.2 Spellcasting
 * Level 5.7 Conjurations
 - Level 0.7 Transmutations
 + Level 7.4 Earth Magic


You had 13 spell levels left.
You knew the following spells:

 Your Spells              Type           Power      Damage    Failure   Level
a - Sandblast             Erth           66%        2d15      1%          1
b - Stone Arrow           Conj/Erth      60%        3d10      8%          3

Your spell library contained the following spells:

 Spells                   Type           Power      Damage    Failure   Level
 Passwall                 Tmut/Erth      16%        N/A       11%         2
 Shock                    Conj/Air       60%        1d6       12%         1
 Apportation              Tloc           8%         N/A       36%         1
 Petrify                  Tmut/Erth      20%        N/A       58%         4
 Animate Armour           Summ/Erth      38%        N/A       63%         4
 Swiftness                Air            4%         N/A       75%         3
 Borgnjor's Vile Clutch   Necr/Erth      9%         N/A       93%         5
 Airstrike                Air            2%         N/A       98%         4
 Alistair's Intoxication  Tmut/Pois      4%         N/A       100%        5
 Eringya's Noxious Bog    Tmut/Pois      3%         N/A       100%        6
 Lehudib's Crystal Spear  Conj/Erth      15%        10d5      100%        8


Dungeon Overview and Level Annotations

Branches:
Dungeon (6/15)
 Temple: D:4-7

Altars:
Elyvilon
Gozag
Okawaru

Shops:
D:2 (   D:4 =   D:6 *


Innate Abilities, Weirdness & Mutations

You are immune to sickness and miasma.
Your stone body is resilient. (AC +5)
You are immune to poison.
You resist negative energy. (rN+)
You are resistant to electric shocks. (rElec)
You are resistant to unholy torment.
You are immune to petrification.


Message History

The kobold brigand is heavily wounded.
The kobold brigand hits you but does no damage.
You hit the kobold brigand but do no damage.
The kobold brigand is heavily wounded.
The kobold brigand hits you with a +0 whip.
Your magical contamination has completely faded away.
You closely miss the kobold brigand.
The kobold brigand is heavily wounded.
The kobold brigand hits you with a +0 whip.
* * * LOW HITPOINT WARNING * * *
The kobold brigand hits you but does no damage.
You miss the kobold brigand.
The kobold brigand is heavily wounded.
The kobold brigand hits you with a +0 whip.
* * * LOW HITPOINT WARNING * * *
The kobold brigand unwields a +0 whip.
The kobold brigand wields a +0 hand crossbow.
The kobold brigand shoots a bolt.
The bolt barely misses you.
The kobold brigand shoots a bolt.
The bolt closely misses you.
The kobold brigand shoots a bolt.
The bolt hits you but does no damage.
Casting: Sandblast (safe; 1% risk of failure)
Confirm with . or Enter, or press ? or * to list all spells.
You can't see any susceptible monsters within range! (Use Z to cast anyway.)
The kobold brigand shoots a bolt.
The bolt hits you.
* * * LOW HITPOINT WARNING * * *
Things that are here:
a +0 dagger; a kobold corpse The kobold brigand shoots a bolt.
The bolt closely misses you.
The kobold brigand unwields a +0 hand crossbow.
The kobold brigand wields a +0 whip.
The kobold brigand hits you but does no damage.
Casting: Sandblast (safe; 1% risk of failure)
Confirm with . or Enter, or press ? or * to list all spells.
Aiming: Stone Arrow (dangerous; 8% risk of failure)
Press: ? - help, Shift-Dir - straight line, f/p - kobold brigand
Aim: a kobold brigand, wielding a +0 whip and quivering bolts (moderately wounded, 67% to hit)
The stone arrow hits the kobold brigand!!
The kobold brigand is almost dead.
The kobold brigand hits you with a +0 whip!
You die...

.....# #.#
####.#### #.#
))).....######.#
..[.....#...##.#
####.##.#.†....#
#.##.#.).######
#..<..))K.....#
##...##.#####K#
#...##.# #@#
#...##.# #.#
#...##.# #.#
....##K# #.#
.......). #.#
###...##..# #.#
#### ###


You could see a kobold brigand.

Vanquished Creatures
  Maggie (D:6)
  A centaur (D:5)
  A phantom (D:4)
  A bullfrog (D:6)
  A gnoll sergeant (D:5)
  2 scorpions (D:5)
  A water moccasin zombie (D:5)
  A water moccasin skeleton (D:4)
  2 centaur zombies
  2 jellies (D:5)
  A hound (D:4)
  An orc priest (D:5)
  Natasha (thrice) (D:4)
  Terence (D:3)
  2 orc wizards
  An iguana (D:4)
  A hound skeleton (D:5)
  6 gnolls
  3 adders
  A shadow imp (D:5)
  An ufetubus (D:5)
  2 worms
  3 dart slugs
  11 orcs
  5 ball pythons
  3 bats
  4 endoplasms
  3 goblins
  9 hobgoblins
  6 jackals (D:4)
  3 quokkas
  A frilled lizard (D:2)
  9 kobolds
  4 rats
  A spectral kobold (D:3)
98 creatures vanquished.

Notes
Turn   | Place    | Note
-------+----------+-------------------------------------------
     0 | D:1      | Cykl0x the Gargoyle Earth Elementalist began the quest for
                  | the Orb.
     0 | D:1      | Reached XP level 1. HP: 10/10 MP: 3/3
   250 | D:1      | Reached skill level 4 in Earth Magic
   250 | D:1      | Reached XP level 2. HP: 15/15 MP: 1/5
   831 | D:2      | Found Zieliu's Weapon Shoppe.
   862 | D:2      | Reached skill level 1 in Conjurations
   881 | D:2      | You fall into a shaft and drop 2 floors!
  1008 | D:3      | Identified a scroll of acquirement
  1008 | D:3      | Acquired 1210 gold pieces
  1019 | D:3      | Found a faded altar of an unknown god.
  1126 | D:2      | Found an iron altar of Okawaru.
  1135 | D:2      | Reached XP level 3. HP: 19/19 MP: 4/6
  1139 | D:2      | Learned a level 3 spell: Stone Arrow
  1870 | D:3      | Noticed Terence
  2694 | D:3      | Reached XP level 4. HP: 23/24 MP: 4/7
  3342 | D:3      | Found a faded altar of an unknown god.
  3347 | D:3      | Killed Terence
  4299 | D:4      | Reached skill level 5 in Earth Magic
  4299 | D:4      | Reached XP level 5. HP: 28/28 MP: 0/9
  4874 | D:4      | Found Goixy's Jewellery Shoppe.
  4964 | D:4      | Noticed Natasha
  4970 | D:4      | Killed Natasha
  5208 | D:4      | Reached XP level 6. HP: 32/32 MP: 6/11
  5471 | D:4      | Noticed Natasha
  5571 | D:4      | Killed Natasha
  5572 | D:4      | Reached skill level 6 in Earth Magic
  5700 | D:4      | Noticed Natasha
  5702 | D:4      | Killed Natasha
  5785 | D:5      | Entered Level 5 of the Dungeon
  5887 | D:5      | Reached XP level 7. HP: 30/36 MP: 0/13
  6346 | D:5      | Found an opulent altar of Gozag.
  6358 | D:5      | Found a white marble altar of Elyvilon.
  6453 | D:5      | Reached skill level 1 in Long Blades
  6946 | D:5      | Reached skill level 7 in Earth Magic
  6946 | D:5      | Reached XP level 8. HP: 40/42 MP: 2/15
  6949 | D:5      | Reached skill level 1 in Armour
  7117 | D:5      | Identified the +6 dagger "Xeupomeh" {drain, *Noise rC-
                  | rCorr Int+9}
  7488 | D:6      | Noticed Maggie
  7719 | D:6      | Killed Maggie
  7720 | D:6      | Reached skill level 5 in Spellcasting
  7720 | D:6      | Reached skill level 5 in Conjurations
  7858 | D:6      | Found Ickesal's General Store.
  8005 | D:6      | Slain by a kobold brigand

Illustrated notes

Levels and vault maps discovered:
D:1:      dpeg_arrival_brainrot, layout_basic
D:2:      layout_basic, basic_altar, serial_shops,
          nicolae_shop_temple_entry_statues_fountains
D:3:      layout_loops_ring, dreamdust_ecumenical_altar_drowned_temple,
          minmay_misc_feat_four_crosses, kennysheep_generic_room_3, uniq_terence
D:4:      layout_gridville, serial_shops, nicolae_shop_waterfront, uniq_natasha
D:5:      layout_loops_ring, mainiacjoe_overflow_big_doors
D:6:      layout_loops_ring, marbit_many_paths, nicolae_sif_muna_little_library,
          serial_shops, shop, minivault_24, uniq_maggie

Skill      XL: |  1  2  3  4  5  6  7  8 |
---------------+-------------------------+-----
Earth Magic    | 4 5 6 7 |  7.4
Conjurations   | 1 2 3 4 5 |  5.7
Spellcasting   | 3 4 5 |  5.2
Dodging        | 2 |  2.4
Long Blades    | 1 2 |  2.0
Armour         | 2 |  2.0
Fighting       | |  0.9
Stealth        | |  2.1
Transmutations | |  0.7

Action                   |  1- 3 |  4- 6 |  7- 9 || total
-------------------------+-------+-------+-------++-------
Melee: Short sword       |     1 |       |       ||     1
       Falchion          |       |    16 |    39 ||    55
       Long sword        |       |       |    15 ||    15
 Cast: Sandblast         |    34 |    29 |     7 ||    70
       Stone Arrow       |    12 |    32 |    49 ||    93
  Use: Scroll            |     7 |     3 |     1 ||    11
       Potion            |       |       |     5 ||     5
Armor: Robe              |     2 |     6 |     1 ||     9
       Ring mail         |       |       |    43 ||    43
Dodge: Dodged            |     5 |    20 |    62 ||    87
Block: Buckler           |       |       |     2 ||     2
